Flames vs Avalanche

Created - April-22-14 at 17:15

Goals
1 2 3 OT1 OT2 T
Flames 0 2 1 0 1 4
Avalanche 0 1 2 0 0 3
Shots
1 2 3 OT1 OT2 T
Flames 10 11 8 6 5 40
Avalanche 8 13 7 8 7 43

1st period

No Goal

Penalties :
Johan Franzen (COL) for Charging (Minor) at 2:50, Jordan Staal (COL) for Tripping (Minor) at 6:04, Michael Ryder (CGY) for Roughing (Minor) at 7:23, Jonathan Quick (CGY) for Slashing (Minor) at 9:29 - Erik Johnson served the penalty., Dustin Brown (CGY) for Hooking (Minor) at 13:18

2nd period

1. Flames , Ryan Kesler 6 (Andrew MacDonald, Michael Grabner) at 9:49
2. Flames , Shawn Horcoff 1 (Pierre-Marc Bouchard, Ladislav Smid) at 19:18
3. Avalanche , Derek Stepan 5 (Patrik Elias, Michael Del Zotto) at 19:42

Penalties :
John Carlson (COL) for Goalie Interference (Minor) at 6:40, Toni Lydman (CGY) for Holding (Minor) at 12:24, Michael Grabner (CGY) for Interference (Minor) at 16:24

3rd period

4. Avalanche , Radim Vrbata 2 (Johan Franzen, Kevin Klein) at 1:33
5. Avalanche , Derek Stepan 6 (Kevin Shattenkirk, Kevin Klein) at 3:56
6. Flames , Mike Cammalleri 2 (Erik Johnson) at 12:46

Penalties :
Brian Gionta (COL) for Hooking (Minor) at 6:15, Jack Johnson (CGY) for Hooking (Minor) at 6:15

Overtime #1

No Goal

Penalties :
Michael Del Zotto (COL) for Goalie Interference (Minor) at 17:30

Overtime #2

7. Flames , Dustin Brown 5 (Andrew MacDonald, Jeff Skinner) at 8:49

Penalties :
Jack Johnson (CGY) for Roughing (Minor) at 5:40

Goalie Stats

Jonathan Quick (CGY), 40 saves from 43 shots - (0.930), W, 6-2-1, 88:50 minutes
Antti Niemi (COL), 36 saves from 40 shots - (0.900), OTL, 4-4-1, 88:50 minutes

Players Stats for Flames

Player Name              G  A  P  +/- PIM S  H  SB GA TA FO     MP     PP MP  PK MP  
------------------------------------------------------------------------------------
Andrew MacDonald         0  2  2   1  0   0  5  5  0  0  0/0    38:24   3:57   6:02 
Anze Kopitar             0  0  0   0  0   4  0  0  0  0  22/36  27:42   4:14   0:14 
Dustin Brown             1  0  1   0  2   6  7  0  0  0  0/3    32:10   4:14   4:43 
Erik Johnson             0  1  1   0  0   3  0  2  0  0  0/0    27:02   3:19   2:15 
Jack Johnson             0  0  0  -1  4   1  1  2  0  0  0/0    38:07   3:57   3:44 
Jake Gardiner            0  0  0   2  0   0  1  1  0  0  0/0    19:33   0:00   0:14 
Jeff Skinner             0  1  1   0  0   4  0  0  0  0  1/2    27:05   4:14   1:20 
Ladislav Smid            0  1  1   0  0   0  3  2  0  0  0/0    27:08   0:00   4:58 
Michael Grabner          0  1  1  -1  2   3  0  0  0  0  1/1    27:59   2:54   4:33 
Michael Ryder            0  0  0  -1  2   4  1  0  0  0  0/1    23:42   2:53   0:00 
Mike Cammalleri          1  0  1   1  0   3  0  0  0  0  10/13  13:42   0:00   0:00 
Pierre-Marc Bouchard     0  1  1   1  0   3  0  0  0  0  0/0    12:43   0:08   0:00 
Radek Dvorak             0  0  0   1  0   0  0  0  0  0  0/0    13:10   0:08   0:00 
Ryan Kesler              1  0  1  -1  0   4  6  0  0  0  13/29  24:23   2:54   0:00 
Sam Gagner               0  0  0   1  0   1  0  0  0  0  1/1    13:10   0:08   0:00 
Shawn Horcoff            1  0  1   1  0   1  2  0  0  0  16/24  18:32   0:00   5:57 
Tomas Kopecky            0  0  0   1  0   3  1  1  0  0  5/13   18:16   0:00   5:41 
Toni Lydman              0  0  0   0  2   0  4  2  0  0  0/0    27:23   3:19   5:15 

Players Stats for Avalanche

Player Name              G  A  P  +/- PIM S  H  SB GA TA FO     MP     PP MP  PK MP  
------------------------------------------------------------------------------------
Brian Gionta             0  0  0  -1  2   2  1  0  0  0  1/3    25:25   0:00   3:27 
Cody Hodgson             0  0  0  -1  0   3  0  0  0  0  6/18   22:54   0:24   0:31 
Derek Stepan             2  0  2   1  0   9  6  1  0  0  18/44  33:56   5:53   3:36 
Johan Franzen            0  1  1  -1  2   3  0  0  0  0  1/1    28:55   4:57   1:43 
John Carlson             0  0  0   0  2   2  2  1  0  0  0/0    38:33   6:02   3:10 
Jordan Staal             0  0  0  -1  2   3  7  1  0  0  16/37  30:26   5:21   3:29 
Justin Faulk             0  0  0  -1  0   4  3  0  0  0  0/0    26:10   5:12   3:24 
Kevin Klein              0  2  2   0  0   1  7  3  0  0  0/0    26:48   0:00   3:24 
Kevin Porter             0  0  0   0  0   0  0  0  0  0  2/5     1:38   0:00   0:00 
Kevin Shattenkirk        0  1  1   0  0   0  0  0  0  0  0/0    29:18   5:12   0:42 
Lauri Korpikoski         0  0  0   0  0   0  0  0  0  0  0/0     1:38   0:00   0:00 
Marcus Johansson         0  0  0  -1  0   6  1  0  0  0  1/2    21:59   0:00   0:00 
Marian Hossa             0  0  0   1  0   3  1  0  0  0  3/3    29:20   5:53   0:00 
Michael Del Zotto        0  1  1   0  2   2  6  3  0  0  0/0    35:23   6:02   0:00 
Patrik Elias             0  1  1   1  0   1  3  0  0  0  6/9    32:45   5:53   1:46 
Radim Vrbata             1  0  1  -1  0   4  1  0  0  0  0/0    25:58   5:21   0:00 
Rob Scuderi              0  0  0  -1  0   0  1  0  0  0  0/0    21:26   0:00   3:52 
Scottie Upshall          0  0  0   0  0   0  1  0  0  0  0/1     1:38   0:00   0:00 

3 Stars

1 - Derek Stepan (COL)
2 - Andrew MacDonald (CGY)
3 - Kevin Klein (COL)

Power Play

Flames - 0 on 4 Attempt(s) - 0.00%
Avalanche - 0 on 6 Attempt(s) - 0.00%

Penalty Kill

Flames - 6 on 6 Attempt(s) - 100.00% - Score 0 goal in Penalty Kill
Avalanche - 4 on 4 Attempt(s) - 100.00% - Score 0 goal in Penalty Kill

Official

Referees : Dennis LaRue and Trevor Hanson
Linesman : Mark Wheler and Greg Devorski

Game Notes

No Game Note

Finance

Level 1 -- Attendance: 6500 (100.00%) -- Ticket Income $663,000
Level 2 -- Attendance: 5000 (100.00%) -- Ticket Income $375,000
Level 3 -- Attendance: 3500 (100.00%) -- Ticket Income $192,500
Level 4 -- Attendance: 2007 (100.00%) -- Ticket Income $90,315
Luxury Box -- Attendance: 1000 (100.00%) -- Ticket Income $200,000
Game was played at the Pepsi Center
Total Attendance: 18007 (100.00%)
Total Ticket Income: $1,520,815
Other Income: $228,122
Total Income: $1,748,937


% Time on Ice - Flames

Lines # - Real PCT - Wanted PCT - Time Play
Normal Forward
1 - 32% - 30% - 21:31
2 - 30% - 30% - 20:33
3 - 19% - 20% - 13:02
4 - 19% - 20% - 12:35
Normal Defense
1 - 28% - 30% - 19:07
2 - 31% - 30% - 21:14
3 - 27% - 20% - 18:34
4 - 13% - 20% - 8:46
PP Forward
1 - 58% - 50% - 4:14
2 - 42% - 50% - 3:02
PP Defense
1 - 54% - 50% - 3:57
2 - 46% - 50% - 3:19
PK Forward
1 - 51% - 50% - 5:41
2 - 49% - 50% - 5:33
PK Defense
1 - 56% - 50% - 6:16
2 - 44% - 50% - 4:58
PK3 Forward
1 - 0% - 60%
2 - 0% - 40%
PK3 Defense
1 - 0% - 50%
2 - 0% - 50%
44 Forward
1 - 65% - 50% - 1:43
2 - 35% - 50% - 0:56
44 Defense
1 - 65% - 50% - 1:43
2 - 35% - 50% - 0:56
Last Minute Offensive  - 0:00
Last Minute Defensive  - 0:00
Total
Forward - 88:50
Defense - 88:50

% Time on Ice - Avalanche

Lines # - Real PCT - Wanted PCT - Time Play
Normal Forward
1 - 35% - 35% - 23:27
2 - 30% - 33% - 20:37
3 - 32% - 32% - 21:59
4 - 2% - 0% - 1:38
Normal Defense
1 - 40% - 40% - 27:05
2 - 32% - 30% - 21:45
3 - 26% - 20% - 17:34
4 - 2% - 10% - 1:17
PP Forward
1 - 52% - 50% - 5:53
2 - 48% - 50% - 5:21
PP Defense
1 - 54% - 50% - 6:02
2 - 46% - 50% - 5:12
PK Forward
1 - 65% - 55% - 4:42
2 - 35% - 45% - 2:34
PK Defense
1 - 53% - 55% - 3:52
2 - 47% - 45% - 3:24
PK3 Forward
1 - 0% - 55%
2 - 0% - 45%
PK3 Defense
1 - 0% - 55%
2 - 0% - 45%
44 Forward
1 - 38% - 50% - 1:00
2 - 62% - 50% - 1:39
44 Defense
1 - 38% - 50% - 1:00
2 - 62% - 50% - 1:39
Last Minute Offensive  - 0:00
Last Minute Defensive  - 0:00
Total
Forward - 88:50
Defense - 88:50

Play by Play

1st period


0:01 of 1st period - Anze Kopitar wins face-off versus Derek Stepan in neutral zone.
0:10 of 1st period - Shot by Dustin Brown.
0:10 of 1st period - Shot Misses the Net.
0:12 of 1st period - Shot by Jeff Skinner.
0:12 of 1st period - Stopped by Antti Niemi without a rebound.
0:13 of 1st period - Ryan Kesler wins face-off versus Jordan Staal in Avalanche zone.
0:25 of 1st period - Icing by Jack Johnson.
0:26 of 1st period - Cody Hodgson wins face-off versus Ryan Kesler in Flames zone.
2:03 of 1st period - Icing by Mike Cammalleri.
2:04 of 1st period - Mike Cammalleri wins face-off versus Jordan Staal in Flames zone.
2:50 of 1st period - Minor Penalty to Johan Franzen for Charging.
2:51 of 1st period - Anze Kopitar wins face-off versus Derek Stepan in Avalanche zone.
2:56 of 1st period - Shot by Jeff Skinner.
2:56 of 1st period - Stopped by Antti Niemi without a rebound.
2:57 of 1st period - Derek Stepan wins face-off versus Anze Kopitar in Avalanche zone.
3:12 of 1st period - Shot by Anze Kopitar.
3:12 of 1st period - Shot Misses the Net.
3:14 of 1st period - Shot by Jack Johnson.
3:14 of 1st period - Shot Misses the Net.
3:24 of 1st period - Shot by Andrew MacDonald.
3:24 of 1st period - Shot Blocked by Jordan Staal.
3:26 of 1st period - Shot by Jeff Skinner.
3:26 of 1st period - Stopped by Antti Niemi without a rebound.
3:27 of 1st period - Michael Grabner wins face-off versus Patrik Elias in Avalanche zone.
4:00 of 1st period - Shot by Jack Johnson.
4:00 of 1st period - Deflect By Ryan Kesler.
4:00 of 1st period - Stopped by Antti Niemi without a rebound.
4:01 of 1st period - Derek Stepan wins face-off versus Anze Kopitar in Avalanche zone.
4:01 of 1st period - Derek Stepan is hit by Dustin Brown.
4:21 of 1st period - Shot by Anze Kopitar.
4:21 of 1st period - Shot Hit the Post.
4:24 of 1st period - Anze Kopitar is hit by Kevin Klein and loses puck.
4:27 of 1st period - Shot by Erik Johnson.
4:27 of 1st period - Shot Misses the Net.
4:29 of 1st period - Shot by Erik Johnson.
4:29 of 1st period - Stopped by Antti Niemi without a rebound.
4:30 of 1st period - Ryan Kesler wins face-off versus Patrik Elias in Avalanche zone.
4:30 of 1st period - Ryan Kesler is hit by Rob Scuderi.
4:32 of 1st period - Shot by Michael Ryder.
4:32 of 1st period - Stopped by Antti Niemi without a rebound.
4:33 of 1st period - Patrik Elias wins face-off versus Ryan Kesler in Avalanche zone.
4:46 of 1st period - Shot by Michael Grabner.
4:46 of 1st period - Stopped by Antti Niemi without a rebound.
4:47 of 1st period - Anze Kopitar wins face-off versus Derek Stepan in Avalanche zone.
4:50 of 1st period - Shot by Dustin Brown.
4:50 of 1st period - Stopped by Antti Niemi without a rebound.
4:51 of 1st period - Anze Kopitar wins face-off versus Derek Stepan in Avalanche zone.
4:57 of 1st period - Off-side.
4:58 of 1st period - Anze Kopitar wins face-off versus Cody Hodgson in neutral zone.
5:03 of 1st period - Brian Gionta is hit by Dustin Brown and loses puck.
5:10 of 1st period - Brian Gionta is hit by Dustin Brown and loses puck.
5:14 of 1st period - John Carlson is hit by Jake Gardiner and loses puck.
5:43 of 1st period - Shot by Cody Hodgson.
5:43 of 1st period - Stopped by Jonathan Quick without a rebound.
5:44 of 1st period - Shawn Horcoff wins face-off versus Derek Stepan in Flames zone.
5:51 of 1st period - Shot by Marian Hossa.
5:51 of 1st period - Stopped by Jonathan Quick without a rebound.
5:52 of 1st period - Shawn Horcoff wins face-off versus Jordan Staal in Flames zone.
6:04 of 1st period - Minor Penalty to Jordan Staal for Tripping.
6:05 of 1st period - Derek Stepan wins face-off versus Ryan Kesler in Avalanche zone.
6:30 of 1st period - Shot by Michael Ryder.
6:30 of 1st period - Stopped by Antti Niemi without a rebound.
6:31 of 1st period - Patrik Elias wins face-off versus Anze Kopitar in Avalanche zone.
7:23 of 1st period - Minor Penalty to Michael Ryder for Roughing.
7:24 of 1st period - Patrik Elias wins face-off versus Ryan Kesler in Flames zone.
8:46 of 1st period - Ladislav Smid is hit by Jordan Staal and loses puck.
9:29 of 1st period - Shot by Cody Hodgson.
9:29 of 1st period - Deflect By Marcus Johansson.
9:29 of 1st period - Stopped by Jonathan Quick without a rebound.
9:29 of 1st period - Minor Penalty to Jonathan Quick for Slashing.
9:30 of 1st period - Derek Stepan wins face-off versus Dustin Brown in Flames zone.
9:39 of 1st period - Shot by Derek Stepan.
9:39 of 1st period - Shot Misses the Net.
10:42 of 1st period - Shot by Radim Vrbata.
10:42 of 1st period - Stopped by Jonathan Quick without a rebound.
10:43 of 1st period - Jordan Staal wins face-off versus Shawn Horcoff in Flames zone.
11:02 of 1st period - Shot by Johan Franzen.
11:02 of 1st period - Shot Misses the Net.
11:04 of 1st period - Shot by Johan Franzen.
11:04 of 1st period - Shot Misses the Net.
11:06 of 1st period - Shot by Jordan Staal.
11:06 of 1st period - Shot Misses the Net.
11:08 of 1st period - Shot by Jordan Staal.
11:08 of 1st period - Stopped by Jonathan Quick without a rebound.
11:09 of 1st period - Patrik Elias wins face-off versus Tomas Kopecky in Flames zone.
11:12 of 1st period - Shot by Marian Hossa.
11:12 of 1st period - Shot Blocked by Andrew MacDonald.
11:14 of 1st period - Shot by Derek Stepan.
11:14 of 1st period - Stopped by Jonathan Quick without a rebound.
11:15 of 1st period - Derek Stepan wins face-off versus Tomas Kopecky in Flames zone.
11:15 of 1st period - Patrik Elias is hit by Toni Lydman and loses puck.
11:18 of 1st period - Shot by Derek Stepan.
11:18 of 1st period - Shot Misses the Net.
11:20 of 1st period - Shot by Derek Stepan.
11:20 of 1st period - Shot Misses the Net.
12:21 of 1st period - Off-side.
12:22 of 1st period - Marian Hossa wins face-off versus Anze Kopitar in neutral zone.
12:30 of 1st period - Marian Hossa is hit by Ladislav Smid and loses puck.
12:34 of 1st period - Icing by Jack Johnson.
12:35 of 1st period - Jordan Staal wins face-off versus Jeff Skinner in Flames zone.
12:47 of 1st period - Kevin Shattenkirk is hit by Ladislav Smid and loses puck.
13:18 of 1st period - Minor Penalty to Dustin Brown for Hooking.
13:19 of 1st period - Shawn Horcoff wins face-off versus Derek Stepan in Flames zone.
13:45 of 1st period - Shot by Marian Hossa.
13:45 of 1st period - Deflect By Patrik Elias.
13:45 of 1st period - Shot Misses the Net.
13:47 of 1st period - Shot by Patrik Elias.
13:47 of 1st period - Deflect By Derek Stepan.
13:47 of 1st period - Shot Misses the Net.
14:45 of 1st period - Shot by Johan Franzen.
14:45 of 1st period - Stopped by Jonathan Quick without a rebound.
14:46 of 1st period - Tomas Kopecky wins face-off versus Jordan Staal in Flames zone.
16:45 of 1st period - Derek Stepan is hit by Ladislav Smid.
16:51 of 1st period - Shot by Justin Faulk.
16:51 of 1st period - Stopped by Jonathan Quick with a rebound.
16:53 of 1st period - Shot by Justin Faulk.
16:53 of 1st period - Shot Misses the Net.
16:55 of 1st period - Shot by Justin Faulk.
16:55 of 1st period - Shot Blocked by Jack Johnson.
16:57 of 1st period - Shot by Marian Hossa.
16:57 of 1st period - Shot Misses the Net.
17:06 of 1st period - Off-side.
17:07 of 1st period - Shawn Horcoff wins face-off versus Jordan Staal in neutral zone.
18:07 of 1st period - Icing by John Carlson.
18:08 of 1st period - Ryan Kesler wins face-off versus Cody Hodgson in Avalanche zone.
18:19 of 1st period - Shot by Ryan Kesler.
18:19 of 1st period - Shot Misses the Net.
18:21 of 1st period - Shot by Erik Johnson.
18:21 of 1st period - Stopped by Antti Niemi without a rebound.
18:22 of 1st period - Derek Stepan wins face-off versus Anze Kopitar in Avalanche zone.
18:38 of 1st period - Icing by Toni Lydman.
18:39 of 1st period - Jordan Staal wins face-off versus Anze Kopitar in Flames zone.
19:13 of 1st period - Dustin Brown is hit by Jordan Staal.
Goals for this period are 0 for Flames vs 0 for Avalanche.
Shots for this period are 10 for Flames vs 8 for Avalanche.

2nd period


0:01 of 2nd period - Derek Stepan wins face-off versus Ryan Kesler in neutral zone.
0:01 of 2nd period - Derek Stepan is hit by Ryan Kesler.
0:16 of 2nd period - Michael Ryder is hit by Michael Del Zotto and loses puck.
0:21 of 2nd period - Shot by Michael Ryder.
0:21 of 2nd period - Shot Blocked by Michael Del Zotto.
0:23 of 2nd period - Shot by Andrew MacDonald.
0:23 of 2nd period - Shot Misses the Net.
0:39 of 2nd period - Shot by Marian Hossa.
0:39 of 2nd period - Shot Misses the Net.
0:45 of 2nd period - Andrew MacDonald is hit by Patrik Elias and loses puck.
1:16 of 2nd period - John Carlson is hit by Shawn Horcoff and loses puck.
1:57 of 2nd period - Icing by Kevin Shattenkirk.
1:58 of 2nd period - Jordan Staal wins face-off versus Anze Kopitar in Avalanche zone.
2:05 of 2nd period - Shot by Radim Vrbata.
2:05 of 2nd period - Stopped by Jonathan Quick without a rebound.
2:06 of 2nd period - Anze Kopitar wins face-off versus Cody Hodgson in Flames zone.
2:23 of 2nd period - Shot by Marcus Johansson.
2:23 of 2nd period - Stopped by Jonathan Quick without a rebound.
2:24 of 2nd period - Mike Cammalleri wins face-off versus Jordan Staal in Flames zone.
2:37 of 2nd period - Shot by Sam Gagner.
2:37 of 2nd period - Stopped by Antti Niemi with a rebound.
2:39 of 2nd period - Shot by Mike Cammalleri.
2:39 of 2nd period - Stopped by Antti Niemi with a rebound.
4:03 of 2nd period - Icing by Justin Faulk.
4:04 of 2nd period - Anze Kopitar wins face-off versus Cody Hodgson in Avalanche zone.
4:27 of 2nd period - John Carlson is hit by Dustin Brown.
4:33 of 2nd period - Shot by Marian Hossa.
4:33 of 2nd period - Shot Misses the Net.
5:48 of 2nd period - Derek Stepan is hit by Michael Ryder and loses puck.
6:40 of 2nd period - Minor Penalty to John Carlson for Goalie Interference.
6:41 of 2nd period - Anze Kopitar wins face-off versus Brian Gionta in Avalanche zone.
6:46 of 2nd period - Shot by Jeff Skinner.
6:46 of 2nd period - Shot Blocked by Kevin Klein.
6:48 of 2nd period - Shot by Dustin Brown.
6:48 of 2nd period - Stopped by Antti Niemi with a rebound.
7:18 of 2nd period - Shot by Dustin Brown.
7:18 of 2nd period - Shot Blocked by Kevin Klein.
7:20 of 2nd period - Shot by Toni Lydman.
7:20 of 2nd period - Shot Misses the Net.
7:22 of 2nd period - Shot by Dustin Brown.
7:22 of 2nd period - Stopped by Antti Niemi without a rebound.
7:23 of 2nd period - Cody Hodgson wins face-off versus Michael Ryder in Avalanche zone.
7:23 of 2nd period - Cody Hodgson is hit by Ryan Kesler.
7:33 of 2nd period - Shot by Michael Ryder.
7:33 of 2nd period - Stopped by Antti Niemi without a rebound.
7:34 of 2nd period - Brian Gionta wins face-off versus Ryan Kesler in Avalanche zone.
8:14 of 2nd period - Shot by Jack Johnson.
8:14 of 2nd period - Stopped by Antti Niemi without a rebound.
8:15 of 2nd period - Anze Kopitar wins face-off versus Cody Hodgson in Avalanche zone.
8:34 of 2nd period - Shot by Jeff Skinner.
8:34 of 2nd period - Stopped by Antti Niemi without a rebound.
8:35 of 2nd period - Anze Kopitar wins face-off versus Derek Stepan in Avalanche zone.
8:44 of 2nd period - Icing by Justin Faulk.
8:45 of 2nd period - Shawn Horcoff wins face-off versus Scottie Upshall in Avalanche zone.
8:54 of 2nd period - Shot by Pierre-Marc Bouchard.
8:54 of 2nd period - Stopped by Antti Niemi without a rebound.
8:55 of 2nd period - Cody Hodgson wins face-off versus Dustin Brown in Avalanche zone.
9:16 of 2nd period - Shot by Cody Hodgson.
9:16 of 2nd period - Shot Misses the Net.
9:18 of 2nd period - Shot by Brian Gionta.
9:18 of 2nd period - Shot Blocked by Ladislav Smid.
9:20 of 2nd period - Shot by Brian Gionta.
9:20 of 2nd period - Stopped by Jonathan Quick without a rebound.
9:21 of 2nd period - Jordan Staal wins face-off versus Ryan Kesler in Flames zone.
9:49 of 2nd period - Shot by Ryan Kesler.
9:49 of 2nd period - Goal by Ryan Kesler - Flames : 1 - Avalanche : 0.
9:50 of 2nd period - Anze Kopitar wins face-off versus Derek Stepan in neutral zone.
9:57 of 2nd period - Ladislav Smid is hit by Derek Stepan and loses puck.
10:04 of 2nd period - Shot by Derek Stepan.
10:04 of 2nd period - Stopped by Jonathan Quick with a rebound.
10:10 of 2nd period - Shot by Marian Hossa.
10:10 of 2nd period - Shot Blocked by Ladislav Smid.
10:12 of 2nd period - Shot by Derek Stepan.
10:12 of 2nd period - Shot Misses the Net.
11:03 of 2nd period - Sam Gagner is hit by Kevin Klein.
11:09 of 2nd period - Shot by Sam Gagner.
11:09 of 2nd period - Deflect By Radek Dvorak.
11:09 of 2nd period - Shot Blocked by Kevin Klein.
11:29 of 2nd period - Mike Cammalleri is hit by Kevin Klein and loses puck.
11:57 of 2nd period - Shot by Michael Grabner.
11:57 of 2nd period - Shot Misses the Net.
12:24 of 2nd period - Minor Penalty to Toni Lydman for Holding.
12:25 of 2nd period - Derek Stepan wins face-off versus Tomas Kopecky in Flames zone.
12:44 of 2nd period - Shot by Derek Stepan.
12:44 of 2nd period - Stopped by Jonathan Quick without a rebound.
12:45 of 2nd period - Jordan Staal wins face-off versus Shawn Horcoff in Flames zone.
12:46 of 2nd period - Shot by Radim Vrbata.
12:46 of 2nd period - Deflect By Johan Franzen.
12:46 of 2nd period - Shot Misses the Net.
12:48 of 2nd period - Shot by Johan Franzen.
12:48 of 2nd period - Stopped by Jonathan Quick with a rebound.
12:52 of 2nd period - Shot by Jordan Staal.
12:52 of 2nd period - Shot Blocked by Erik Johnson.
12:54 of 2nd period - Shot by Michael Del Zotto.
12:54 of 2nd period - Shot Misses the Net.
13:02 of 2nd period - Shot by Radim Vrbata.
13:02 of 2nd period - Deflect By Jordan Staal.
13:02 of 2nd period - Shot Misses the Net.
13:04 of 2nd period - Shot by John Carlson.
13:04 of 2nd period - Stopped by Jonathan Quick without a rebound.
13:05 of 2nd period - Tomas Kopecky wins face-off versus Derek Stepan in Flames zone.
14:00 of 2nd period - Shot by Johan Franzen.
14:00 of 2nd period - Shot Misses the Net.
14:02 of 2nd period - Shot by Kevin Shattenkirk.
14:02 of 2nd period - Shot Misses the Net.
14:04 of 2nd period - Shot by Justin Faulk.
14:04 of 2nd period - Stopped by Jonathan Quick without a rebound.
14:05 of 2nd period - Jordan Staal wins face-off versus Tomas Kopecky in Flames zone.
14:18 of 2nd period - Shot by Radim Vrbata.
14:18 of 2nd period - Deflect By Jordan Staal.
14:18 of 2nd period - Shot Blocked by Tomas Kopecky.
14:20 of 2nd period - Shot by Justin Faulk.
14:20 of 2nd period - Stopped by Jonathan Quick without a rebound.
14:21 of 2nd period - Tomas Kopecky wins face-off versus Derek Stepan in Flames zone.
15:56 of 2nd period - Shot by Anze Kopitar.
15:56 of 2nd period - Stopped by Antti Niemi without a rebound.
15:57 of 2nd period - Shawn Horcoff wins face-off versus Derek Stepan in Avalanche zone.
16:07 of 2nd period - Off-side.
16:08 of 2nd period - Ryan Kesler wins face-off versus Jordan Staal in neutral zone.
16:24 of 2nd period - Minor Penalty to Michael Grabner for Interference.
16:25 of 2nd period - Derek Stepan wins face-off versus Tomas Kopecky in Flames zone.
16:34 of 2nd period - Shot by John Carlson.
16:34 of 2nd period - Shot Misses the Net.
16:36 of 2nd period - Shot by Marian Hossa.
16:36 of 2nd period - Stopped by Jonathan Quick without a rebound.
16:37 of 2nd period - Jordan Staal wins face-off versus Shawn Horcoff in Flames zone.
16:54 of 2nd period - Shot by Jordan Staal.
16:54 of 2nd period - Shot Misses the Net.
17:06 of 2nd period - Shot by John Carlson.
17:06 of 2nd period - Shot Misses the Net.
17:57 of 2nd period - Shot by Marian Hossa.
17:57 of 2nd period - Stopped by Jonathan Quick with a rebound.
17:59 of 2nd period - Shot by Justin Faulk.
17:59 of 2nd period - Shot Blocked by Toni Lydman.
18:01 of 2nd period - Shot by Justin Faulk.
18:01 of 2nd period - Stopped by Jonathan Quick without a rebound.
18:02 of 2nd period - Tomas Kopecky wins face-off versus Derek Stepan in Flames zone.
18:02 of 2nd period - Tomas Kopecky is hit by Patrik Elias.
18:13 of 2nd period - Off-side.
18:14 of 2nd period - Tomas Kopecky wins face-off versus Jordan Staal in neutral zone.
18:14 of 2nd period - Tomas Kopecky is hit by Jordan Staal.
18:43 of 2nd period - Justin Faulk is hit by Ryan Kesler and loses puck.
19:16 of 2nd period - Shot by Pierre-Marc Bouchard.
19:16 of 2nd period - Shot Misses the Net.
19:18 of 2nd period - Shot by Shawn Horcoff.
19:18 of 2nd period - Goal by Shawn Horcoff - Flames : 2 - Avalanche : 0.
19:19 of 2nd period - Anze Kopitar wins face-off versus Derek Stepan in neutral zone.
19:42 of 2nd period - Shot by Derek Stepan.
19:42 of 2nd period - Goal by Derek Stepan - Flames : 2 - Avalanche : 1.
19:43 of 2nd period - Shawn Horcoff wins face-off versus Jordan Staal in neutral zone.
Goals for this period are 2 for Flames vs 1 for Avalanche.
Shots for this period are 11 for Flames vs 13 for Avalanche.

3rd period


0:01 of 3rd period - Shawn Horcoff wins face-off versus Derek Stepan in neutral zone.
0:01 of 3rd period - Jack Johnson is hit by Derek Stepan and loses puck.
0:18 of 3rd period - Shot by Tomas Kopecky.
0:18 of 3rd period - Shot Misses the Net.
0:27 of 3rd period - Tomas Kopecky is hit by Michael Del Zotto and loses puck.
0:33 of 3rd period - Icing by John Carlson.
0:34 of 3rd period - Anze Kopitar wins face-off versus Derek Stepan in Avalanche zone.
0:58 of 3rd period - Icing by Michael Del Zotto.
0:59 of 3rd period - Derek Stepan wins face-off versus Ryan Kesler in Avalanche zone.
1:31 of 3rd period - Shot by Johan Franzen.
1:31 of 3rd period - Shot Blocked by Andrew MacDonald.
1:33 of 3rd period - Shot by Radim Vrbata.
1:33 of 3rd period - Goal by Radim Vrbata - Flames : 2 - Avalanche : 2.
1:34 of 3rd period - Anze Kopitar wins face-off versus Cody Hodgson in neutral zone.
2:24 of 3rd period - Icing by Justin Faulk.
2:25 of 3rd period - Ryan Kesler wins face-off versus Cody Hodgson in Avalanche zone.
2:30 of 3rd period - Shot by Michael Ryder.
2:30 of 3rd period - Shot Misses the Net.
2:32 of 3rd period - Shot by Ryan Kesler.
2:32 of 3rd period - Deflect By Michael Ryder.
2:32 of 3rd period - Shot Misses the Net.
2:34 of 3rd period - Shot by Jack Johnson.
2:34 of 3rd period - Deflect By Ryan Kesler.
2:34 of 3rd period - Stopped by Antti Niemi without a rebound.
2:35 of 3rd period - Shawn Horcoff wins face-off versus Jordan Staal in Avalanche zone.
2:39 of 3rd period - Icing by Michael Del Zotto.
2:40 of 3rd period - Shawn Horcoff wins face-off versus Jordan Staal in Avalanche zone.
2:40 of 3rd period - Shawn Horcoff is hit by John Carlson.
2:43 of 3rd period - Tomas Kopecky is hit by Michael Del Zotto and loses puck.
2:59 of 3rd period - Tomas Kopecky is hit by Michael Del Zotto and loses puck.
3:23 of 3rd period - Jordan Staal is hit by Jack Johnson and loses puck.
3:29 of 3rd period - Andrew MacDonald is hit by Michael Del Zotto and loses puck.
3:56 of 3rd period - Shot by Derek Stepan.
3:56 of 3rd period - Goal by Derek Stepan - Flames : 2 - Avalanche : 3.
3:57 of 3rd period - Anze Kopitar wins face-off versus Marcus Johansson in neutral zone.
4:04 of 3rd period - Shot by Anze Kopitar.
4:04 of 3rd period - Stopped by Antti Niemi without a rebound.
4:05 of 3rd period - Mike Cammalleri wins face-off versus Derek Stepan in Avalanche zone.
4:13 of 3rd period - Icing by Marian Hossa.
4:14 of 3rd period - Derek Stepan wins face-off versus Anze Kopitar in Avalanche zone.
4:14 of 3rd period - Derek Stepan is hit by Dustin Brown.
5:13 of 3rd period - Shot by Michael Grabner.
5:13 of 3rd period - Deflect By Ryan Kesler.
5:13 of 3rd period - Shot Misses the Net.
5:17 of 3rd period - Shot by Michael Grabner.
5:17 of 3rd period - Stopped by Antti Niemi without a rebound.
5:18 of 3rd period - Jordan Staal wins face-off versus Mike Cammalleri in Avalanche zone.
5:32 of 3rd period - Icing by Sam Gagner.
5:33 of 3rd period - Marcus Johansson wins face-off versus Mike Cammalleri in Flames zone.
5:50 of 3rd period - Shot by Jack Johnson.
5:50 of 3rd period - Shot Misses the Net.
6:15 of 3rd period - Minor Penalty to Brian Gionta for Hooking.
6:15 of 3rd period - Minor Penalty to Jack Johnson for Hooking.
6:16 of 3rd period - Derek Stepan wins face-off versus Anze Kopitar in Flames zone.
6:38 of 3rd period - Shot by Derek Stepan.
6:38 of 3rd period - Shot Misses the Net.
6:51 of 3rd period - Icing by Andrew MacDonald.
6:52 of 3rd period - Patrik Elias wins face-off versus Anze Kopitar in Flames zone.
8:24 of 3rd period - Shot by Tomas Kopecky.
8:24 of 3rd period - Deflect By Pierre-Marc Bouchard.
8:24 of 3rd period - Shot Misses the Net.
8:31 of 3rd period - Shot by Pierre-Marc Bouchard.
8:31 of 3rd period - Stopped by Antti Niemi without a rebound.
8:32 of 3rd period - Kevin Porter wins face-off versus Ryan Kesler in Avalanche zone.
8:39 of 3rd period - Shot by Michael Ryder.
8:39 of 3rd period - Deflect By Michael Grabner.
8:39 of 3rd period - Stopped by Antti Niemi without a rebound.
8:40 of 3rd period - Ryan Kesler wins face-off versus Cody Hodgson in Avalanche zone.
8:46 of 3rd period - Michael Grabner is hit by Michael Del Zotto.
9:38 of 3rd period - Icing by Kevin Klein.
9:39 of 3rd period - Jordan Staal wins face-off versus Shawn Horcoff in Avalanche zone.
10:33 of 3rd period - Icing by Tomas Kopecky.
10:34 of 3rd period - Shawn Horcoff wins face-off versus Derek Stepan in Flames zone.
10:34 of 3rd period - Shawn Horcoff is hit by Derek Stepan.
10:49 of 3rd period - Tomas Kopecky is hit by Derek Stepan and loses puck.
11:06 of 3rd period - Shot by Marian Hossa.
11:06 of 3rd period - Shot Blocked by Andrew MacDonald.
11:08 of 3rd period - Shot by Michael Del Zotto.
11:08 of 3rd period - Shot Misses the Net.
11:10 of 3rd period - Shot by Derek Stepan.
11:10 of 3rd period - Stopped by Jonathan Quick without a rebound.
11:11 of 3rd period - Anze Kopitar wins face-off versus Cody Hodgson in Flames zone.
11:51 of 3rd period - Shot by Cody Hodgson.
11:51 of 3rd period - Stopped by Jonathan Quick without a rebound.
11:52 of 3rd period - Ryan Kesler wins face-off versus Jordan Staal in Flames zone.
12:46 of 3rd period - Shot by Mike Cammalleri.
12:46 of 3rd period - Goal by Mike Cammalleri - Flames : 3 - Avalanche : 3.
12:47 of 3rd period - Anze Kopitar wins face-off versus Derek Stepan in neutral zone.
13:32 of 3rd period - Shot by Marian Hossa.
13:32 of 3rd period - Deflect By Derek Stepan.
13:32 of 3rd period - Shot Misses the Net.
13:50 of 3rd period - Shot by Cody Hodgson.
13:50 of 3rd period - Shot Misses the Net.
14:18 of 3rd period - Shot by Marcus Johansson.
14:18 of 3rd period - Stopped by Jonathan Quick without a rebound.
14:19 of 3rd period - Johan Franzen wins face-off versus Ryan Kesler in Flames zone.
14:29 of 3rd period - John Carlson is hit by Ryan Kesler.
14:37 of 3rd period - Shot by Jordan Staal.
14:37 of 3rd period - Stopped by Jonathan Quick without a rebound.
14:38 of 3rd period - Mike Cammalleri wins face-off versus Derek Stepan in Flames zone.
14:47 of 3rd period - Shot by Derek Stepan.
14:47 of 3rd period - Shot Blocked by Jake Gardiner.
15:34 of 3rd period - Icing by Sam Gagner.
15:35 of 3rd period - Mike Cammalleri wins face-off versus Jordan Staal in Flames zone.
16:40 of 3rd period - Shot by Brian Gionta.
16:40 of 3rd period - Shot Misses the Net.
16:50 of 3rd period - Shot by Marcus Johansson.
16:50 of 3rd period - Shot Blocked by Erik Johnson.
16:56 of 3rd period - Cody Hodgson is hit by Dustin Brown and loses puck.
17:02 of 3rd period - Dustin Brown is hit by Justin Faulk and loses puck.
17:32 of 3rd period - Shot by Tomas Kopecky.
17:32 of 3rd period - Stopped by Antti Niemi with a rebound.
17:47 of 3rd period - Icing by Andrew MacDonald.
17:48 of 3rd period - Shawn Horcoff wins face-off versus Derek Stepan in Flames zone.
18:13 of 3rd period - Icing by Michael Del Zotto.
18:14 of 3rd period - Ryan Kesler wins face-off versus Derek Stepan in Avalanche zone.
18:15 of 3rd period - Shot by Michael Ryder.
18:15 of 3rd period - Shot Blocked by John Carlson.
18:19 of 3rd period - Shot by Michael Ryder.
18:19 of 3rd period - Stopped by Antti Niemi with a rebound.
18:21 of 3rd period - Shot by Michael Ryder.
18:21 of 3rd period - Shot Blocked by Derek Stepan.
19:27 of 3rd period - Shot by Jordan Staal.
19:27 of 3rd period - Shot Misses the Net.
19:29 of 3rd period - Shot by Radim Vrbata.
19:29 of 3rd period - Stopped by Jonathan Quick without a rebound.
19:30 of 3rd period - Kevin Porter wins face-off versus Shawn Horcoff in Flames zone.
19:38 of 3rd period - Lauri Korpikoski is hit by Andrew MacDonald and loses puck.
Goals for this period are 1 for Flames vs 2 for Avalanche.
Shots for this period are 8 for Flames vs 7 for Avalanche.

Overtime #1


0:01 of 1st overtime period - Jordan Staal wins face-off versus Anze Kopitar in neutral zone.
0:29 of 1st overtime period - Shot by Radim Vrbata.
0:29 of 1st overtime period - Shot Misses the Net.
0:37 of 1st overtime period - Shot by Michael Del Zotto.
0:37 of 1st overtime period - Stopped by Jonathan Quick without a rebound.
0:38 of 1st overtime period - Derek Stepan wins face-off versus Ryan Kesler in Flames zone.
1:11 of 1st overtime period - Shot by Derek Stepan.
1:11 of 1st overtime period - Stopped by Jonathan Quick without a rebound.
1:12 of 1st overtime period - Mike Cammalleri wins face-off versus Cody Hodgson in Flames zone.
1:18 of 1st overtime period - Icing by Jack Johnson.
1:19 of 1st overtime period - Mike Cammalleri wins face-off versus Jordan Staal in Flames zone.
1:19 of 1st overtime period - Mike Cammalleri is hit by Jordan Staal.
1:22 of 1st overtime period - Icing by Sam Gagner.
1:23 of 1st overtime period - Jordan Staal wins face-off versus Mike Cammalleri in Flames zone.
2:00 of 1st overtime period - Radim Vrbata is hit by Andrew MacDonald and loses puck.
2:39 of 1st overtime period - Shot by Dustin Brown.
2:39 of 1st overtime period - Stopped by Antti Niemi without a rebound.
2:40 of 1st overtime period - Ryan Kesler wins face-off versus Brian Gionta in Avalanche zone.
4:13 of 1st overtime period - Shot by Derek Stepan.
4:13 of 1st overtime period - Shot Blocked by Andrew MacDonald.
4:56 of 1st overtime period - Shot by Radim Vrbata.
4:56 of 1st overtime period - Deflect By Johan Franzen.
4:56 of 1st overtime period - Stopped by Jonathan Quick without a rebound.
4:57 of 1st overtime period - Shawn Horcoff wins face-off versus Cody Hodgson in Flames zone.
4:57 of 1st overtime period - Shawn Horcoff is hit by Brian Gionta.
5:35 of 1st overtime period - Shot by Cody Hodgson.
5:35 of 1st overtime period - Deflect By Marcus Johansson.
5:35 of 1st overtime period - Stopped by Jonathan Quick with a rebound.
5:37 of 1st overtime period - Shot by Brian Gionta.
5:37 of 1st overtime period - Stopped by Jonathan Quick without a rebound.
5:38 of 1st overtime period - Ryan Kesler wins face-off versus Derek Stepan in Flames zone.
6:54 of 1st overtime period - Icing by Dustin Brown.
6:55 of 1st overtime period - Jeff Skinner wins face-off versus Cody Hodgson in Flames zone.
6:55 of 1st overtime period - Jeff Skinner is hit by Justin Faulk.
7:09 of 1st overtime period - Andrew MacDonald is hit by Marcus Johansson.
7:27 of 1st overtime period - Shot by Anze Kopitar.
7:27 of 1st overtime period - Stopped by Antti Niemi without a rebound.
7:28 of 1st overtime period - Mike Cammalleri wins face-off versus Jordan Staal in Avalanche zone.
7:37 of 1st overtime period - Shot by Radek Dvorak.
7:37 of 1st overtime period - Shot Misses the Net.
7:45 of 1st overtime period - Shot by Erik Johnson.
7:45 of 1st overtime period - Stopped by Antti Niemi without a rebound.
7:46 of 1st overtime period - Derek Stepan wins face-off versus Shawn Horcoff in Avalanche zone.
7:53 of 1st overtime period - Shot by Derek Stepan.
7:53 of 1st overtime period - Stopped by Jonathan Quick without a rebound.
7:54 of 1st overtime period - Derek Stepan wins face-off versus Anze Kopitar in Flames zone.
8:03 of 1st overtime period - Shot by Jeff Skinner.
8:03 of 1st overtime period - Shot Hit the Post.
8:05 of 1st overtime period - Shot by Andrew MacDonald.
8:05 of 1st overtime period - Shot Misses the Net.
8:07 of 1st overtime period - Shot by Jeff Skinner.
8:07 of 1st overtime period - Shot Blocked by Michael Del Zotto.
8:19 of 1st overtime period - Shot by Jeff Skinner.
8:19 of 1st overtime period - Shot Blocked by Michael Del Zotto.
8:57 of 1st overtime period - Michael Grabner is hit by Derek Stepan and loses puck.
10:09 of 1st overtime period - Erik Johnson is hit by Marian Hossa and loses puck.
11:07 of 1st overtime period - Shot by Tomas Kopecky.
11:07 of 1st overtime period - Shot Hit the Post.
11:20 of 1st overtime period - Jeff Skinner is hit by Kevin Klein and loses puck.
12:02 of 1st overtime period - Ladislav Smid is hit by Justin Faulk and loses puck.
12:20 of 1st overtime period - Off-side.
12:21 of 1st overtime period - Mike Cammalleri wins face-off versus Kevin Porter in neutral zone.
12:21 of 1st overtime period - Mike Cammalleri is hit by Scottie Upshall.
12:28 of 1st overtime period - Kevin Porter is hit by Toni Lydman and loses puck.
12:47 of 1st overtime period - Shot by Mike Cammalleri.
12:47 of 1st overtime period - Shot Misses the Net.
12:49 of 1st overtime period - Shot by Toni Lydman.
12:49 of 1st overtime period - Deflect By Mike Cammalleri.
12:49 of 1st overtime period - Stopped by Antti Niemi without a rebound.
12:50 of 1st overtime period - Cody Hodgson wins face-off versus Ryan Kesler in Avalanche zone.
13:03 of 1st overtime period - Shot by Cody Hodgson.
13:03 of 1st overtime period - Shot Misses the Net.
13:46 of 1st overtime period - Off-side.
13:47 of 1st overtime period - Anze Kopitar wins face-off versus Kevin Porter in neutral zone.
13:51 of 1st overtime period - Icing by Rob Scuderi.
13:52 of 1st overtime period - Shawn Horcoff wins face-off versus Kevin Porter in Avalanche zone.
14:02 of 1st overtime period - Off-side.
14:03 of 1st overtime period - Anze Kopitar wins face-off versus Jordan Staal in neutral zone.
14:21 of 1st overtime period - Dustin Brown is hit by Kevin Klein and loses puck.
14:34 of 1st overtime period - Shot by Anze Kopitar.
14:34 of 1st overtime period - Shot Misses the Net.
15:15 of 1st overtime period - Rob Scuderi is hit by Dustin Brown and loses puck.
15:29 of 1st overtime period - Icing by Ladislav Smid.
15:30 of 1st overtime period - Derek Stepan wins face-off versus Dustin Brown in Flames zone.
15:45 of 1st overtime period - Shot by Derek Stepan.
15:45 of 1st overtime period - Stopped by Jonathan Quick without a rebound.
15:46 of 1st overtime period - Ryan Kesler wins face-off versus Jordan Staal in Flames zone.
15:46 of 1st overtime period - Ryan Kesler is hit by Jordan Staal.
15:54 of 1st overtime period - Michael Del Zotto is hit by Ryan Kesler.
15:59 of 1st overtime period - Radim Vrbata is hit by Andrew MacDonald and loses puck.
16:13 of 1st overtime period - Icing by Andrew MacDonald.
16:14 of 1st overtime period - Marian Hossa wins face-off versus Ryan Kesler in Flames zone.
16:46 of 1st overtime period - Kevin Shattenkirk is hit by Andrew MacDonald.
17:30 of 1st overtime period - Minor Penalty to Michael Del Zotto for Goalie Interference.
17:31 of 1st overtime period - Anze Kopitar wins face-off versus Derek Stepan in Avalanche zone.
17:53 of 1st overtime period - Jeff Skinner is hit by John Carlson and loses puck.
18:21 of 1st overtime period - Shot by Johan Franzen.
18:21 of 1st overtime period - Deflect By Patrik Elias.
18:21 of 1st overtime period - Stopped by Jonathan Quick without a rebound.
18:22 of 1st overtime period - Ryan Kesler wins face-off versus Patrik Elias in Flames zone.
18:45 of 1st overtime period - Shot by Ryan Kesler.
18:45 of 1st overtime period - Stopped by Antti Niemi without a rebound.
18:46 of 1st overtime period - Jordan Staal wins face-off versus Anze Kopitar in Avalanche zone.
19:09 of 1st overtime period - Shot by Dustin Brown.
19:09 of 1st overtime period - Stopped by Antti Niemi without a rebound.
19:10 of 1st overtime period - Patrik Elias wins face-off versus Ryan Kesler in Avalanche zone.
19:24 of 1st overtime period - Ryan Kesler is hit by Kevin Klein and loses puck.
Goals for this period are 0 for Flames vs 0 for Avalanche.
Shots for this period are 6 for Flames vs 8 for Avalanche.

Overtime #2


0:01 of 2nd overtime period - Shawn Horcoff wins face-off versus Jordan Staal in neutral zone.
0:01 of 2nd overtime period - Shawn Horcoff is hit by Jordan Staal.
0:05 of 2nd overtime period - Shot by Tomas Kopecky.
0:05 of 2nd overtime period - Stopped by Antti Niemi without a rebound.
0:06 of 2nd overtime period - Jordan Staal wins face-off versus Shawn Horcoff in Avalanche zone.
0:17 of 2nd overtime period - Shot by Shawn Horcoff.
0:17 of 2nd overtime period - Deflect By Tomas Kopecky.
0:17 of 2nd overtime period - Shot Misses the Net.
0:35 of 2nd overtime period - Shot by Tomas Kopecky.
0:35 of 2nd overtime period - Stopped by Antti Niemi without a rebound.
0:36 of 2nd overtime period - Sam Gagner wins face-off versus Derek Stepan in Avalanche zone.
0:36 of 2nd overtime period - Sam Gagner is hit by Kevin Klein.
1:36 of 2nd overtime period - Icing by Toni Lydman.
1:37 of 2nd overtime period - Mike Cammalleri wins face-off versus Jordan Staal in Flames zone.
1:37 of 2nd overtime period - Mike Cammalleri is hit by Jordan Staal.
2:11 of 2nd overtime period - Jack Johnson is hit by Radim Vrbata and loses puck.
3:00 of 2nd overtime period - Shot by Marcus Johansson.
3:00 of 2nd overtime period - Stopped by Jonathan Quick without a rebound.
3:01 of 2nd overtime period - Derek Stepan wins face-off versus Tomas Kopecky in Flames zone.
3:34 of 2nd overtime period - Shot by Shawn Horcoff.
3:34 of 2nd overtime period - Shot Misses the Net.
3:36 of 2nd overtime period - Shot by Pierre-Marc Bouchard.
3:36 of 2nd overtime period - Stopped by Antti Niemi without a rebound.
3:37 of 2nd overtime period - Cody Hodgson wins face-off versus Ryan Kesler in Avalanche zone.
3:37 of 2nd overtime period - Cody Hodgson is hit by Ryan Kesler.
3:47 of 2nd overtime period - Shot by Marcus Johansson.
3:47 of 2nd overtime period - Shot Blocked by Toni Lydman.
4:03 of 2nd overtime period - Shot by Marcus Johansson.
4:03 of 2nd overtime period - Deflect By Cody Hodgson.
4:03 of 2nd overtime period - Stopped by Jonathan Quick without a rebound.
4:04 of 2nd overtime period - Anze Kopitar wins face-off versus Jordan Staal in Flames zone.
4:17 of 2nd overtime period - Shot by Anze Kopitar.
4:17 of 2nd overtime period - Stopped by Antti Niemi without a rebound.
4:18 of 2nd overtime period - Derek Stepan wins face-off versus Shawn Horcoff in Avalanche zone.
4:18 of 2nd overtime period - Kevin Shattenkirk is hit by Tomas Kopecky.
4:23 of 2nd overtime period - Kevin Shattenkirk is hit by Shawn Horcoff and loses puck.
4:53 of 2nd overtime period - Marian Hossa is hit by Toni Lydman and loses puck.
4:56 of 2nd overtime period - Shot by Kevin Klein.
4:56 of 2nd overtime period - Stopped by Jonathan Quick without a rebound.
4:57 of 2nd overtime period - Jordan Staal wins face-off versus Ryan Kesler in Flames zone.
5:07 of 2nd overtime period - Off-side.
5:08 of 2nd overtime period - Cody Hodgson wins face-off versus Anze Kopitar in neutral zone.
5:23 of 2nd overtime period - Shot by Cody Hodgson.
5:23 of 2nd overtime period - Shot Blocked by Jack Johnson.
5:26 of 2nd overtime period - Brian Gionta is hit by Andrew MacDonald and loses puck.
5:40 of 2nd overtime period - Minor Penalty to Jack Johnson for Roughing.
5:41 of 2nd overtime period - Shawn Horcoff wins face-off versus Derek Stepan in Flames zone.
5:41 of 2nd overtime period - Shawn Horcoff is hit by Derek Stepan.
7:05 of 2nd overtime period - Shot by John Carlson.
7:05 of 2nd overtime period - Stopped by Jonathan Quick without a rebound.
7:06 of 2nd overtime period - Jordan Staal wins face-off versus Tomas Kopecky in Flames zone.
7:09 of 2nd overtime period - Shot by Johan Franzen.
7:09 of 2nd overtime period - Deflect By Radim Vrbata.
7:09 of 2nd overtime period - Shot Blocked by Andrew MacDonald.
7:11 of 2nd overtime period - Shot by Michael Del Zotto.
7:11 of 2nd overtime period - Stopped by Jonathan Quick without a rebound.
7:12 of 2nd overtime period - Marian Hossa wins face-off versus Tomas Kopecky in Flames zone.
7:12 of 2nd overtime period - Marian Hossa is hit by Toni Lydman.
8:22 of 2nd overtime period - Shot by Marcus Johansson.
8:22 of 2nd overtime period - Stopped by Jonathan Quick without a rebound.
8:23 of 2nd overtime period - Ryan Kesler wins face-off versus Jordan Staal in Flames zone.
8:32 of 2nd overtime period - Shot by Jordan Staal.
8:32 of 2nd overtime period - Stopped by Jonathan Quick without a rebound.
8:33 of 2nd overtime period - Anze Kopitar wins face-off versus Derek Stepan in Flames zone.
8:35 of 2nd overtime period - Andrew MacDonald is hit by Patrik Elias.
8:49 of 2nd overtime period - Shot by Dustin Brown.
8:49 of 2nd overtime period - Goal by Dustin Brown - Flames : 4 - Avalanche : 3.
Goals for this period are 1 for Flames vs 0 for Avalanche.
Shots for this period are 5 for Flames vs 7 for Avalanche.


Output by the SimonT Hockey Simulator (STHS) for Stephane Roy -- Original Page W3C XHTML 1.0 Valid
Hockey Simulator - Hockey Simulation - Hockey Manager